[Event "January 2 Late 2024"]
[Site "https://www.chess.com"]
[Date "2024.01.02"]
[Round "1"]
[White "Rakitin, Daniil"]
[Black "Skibbe, Willi"]
[Result "1-0"]
[Board "109"]
[TimeControl "180+1"]
[WhiteFideId "24219762"]
[BlackFideId "4682190"]
[WhiteElo "2710"]
[BlackElo "2395"]
[WhiteTeam "RUS"]
[BlackTeam "GER"]
[WhiteClock "0:00:05"]
[BlackClock "0:00:00"]

1. e4 e6 2. d4 d5 3. Nc3 Nf6 4. e5 Nfd7 5. f4 c5 6. Nf3 Nc6 7. Be3 a6 8. Qd2 b5 9. Nd1 Qb6 10. Nf2 cxd4 11. Nxd4 Bc5 12. O-O-O g6 13. Ng4 h5 14. Nf2 Bb7 15. Be2 Nxd4 16. Bxd4 Bxd4 17. Qxd4 Qxd4 18. Rxd4 Ke7 19. Bf3 Rhc8 20. Rhd1 Nb6 21. b3 a5 22. Be2 b4 23. Kb2 Ba6 24. Bxa6 Rxa6 25. g3 Rc7 26. h3 Nc8 27. g4 hxg4 28. hxg4 Rac6 29. R4d2 Na7 30. Rf1 Nb5 31. Nd3 Na3 32. Ne1 Rc3 33. f5 Rg3 34. fxg6 fxg6 35. Rh2 Kd7 36. Rf7+ Kc6 37. Rf6 Kb6 38. Rxe6+ Kb7 39. Re2 Rxg4 40. Rd6 Rc5 41. e6 Rc8 42. e7 1-0

[Event "January 2 Late 2024"]
[Site "https://www.chess.com"]
[Date "2024.01.02"]
[Round "1"]
[White "Osinovsky, Stepan"]
[Black "Hamidi, Amir Mohammad"]
[Result "0-1"]
[Board "110"]
[TimeControl "180+1"]
[WhiteFideId "4157354"]
[BlackFideId "12563285"]
[WhiteElo "2395"]
[BlackElo "2708"]
[WhiteTeam "RUS"]
[BlackTeam "IRI"]
[WhiteClock "0:00:02"]
[BlackClock "0:00:03"]

1. Nf3 Nf6 2. g3 g6 3. Bg2 Bg7 4. O-O O-O 5. d3 d5 6. Nbd2 c5 7. e4 Nc6 8. Re1 Bg4 9. h3 Bxf3 10. Qxf3 Nd4 11. Qd1 e6 12. c3 Nc6 13. Qe2 Re8 14. a4 a6 15. Kh2 Rc8 16. Rf1 d4 17. Nb3 dxc3 18. bxc3 Nd7 19. Bb2 c4 20. dxc4 Qb6 21. Qc2 Na5 22. Nxa5 Qxa5 23. e5 Nxe5 24. Bxb7 Rxc4 25. Rad1 Qb6 26. Bg2 Rec8 27. Rd4 Rxd4 28. Rb1 Rdc4 29. Qe2 Qc7 30. Bc1 Rxc3 31. Rb7 Qc4 32. Qe1 Rxc1 0-1

[Event "January 2 Late 2024"]
[Site "https://www.chess.com"]
[Date "2024.01.02"]
[Round "1"]
[White "Han, Yichen"]
[Black "RCone"]
[Result "1-0"]
[Board "111"]
[TimeControl "180+1"]
[WhiteFideId "1054430"]
[WhiteElo "2704"]
[BlackElo "2393"]
[WhiteTeam "NED"]
[WhiteClock "0:00:02"]
[BlackClock "0:00:00"]

1. c4 d6 2. d4 Nf6 3. Nc3 g6 4. e4 Bg7 5. Nf3 O-O 6. Be2 Na6 7. O-O e5 8. Be3 c6 9. h3 Nc7 10. c5 exd4 11. Bxd4 dxc5 12. Bxc5 Re8 13. e5 Nfd5 14. Ne4 Ne6 15. Bd6 Nef4 16. Bc4 h6 17. Qd2 g5 18. Nc3 Be6 19. Nd4 Nxc3 20. Qxc3 Bxc4 21. Qxc4 Qd7 22. Rad1 Bxe5 23. Bxe5 Rxe5 24. Rfe1 Rd5 25. Rd2 Rd8 26. Red1 c5 27. Nf3 Rxd2 28. Rxd2 Qe7 29. Rxd8+ Qxd8 30. Qxc5 b6 31. Qc2 Qd3 32. Qc8+ Kg7 33. Kh2 Qd6 34. Qc3+ f6 35. g3 Ne6 36. Qe3 Qd5 37. Nd2 Nd4 38. Ne4 f5 39. Nc3 1-0

[Event "January 2 Late 2024"]
[Site "https://www.chess.com"]
[Date "2024.01.02"]
[Round "1"]
[White "Garrido, Denis"]
[Black "Do Valle Cardoso, Lucas"]
[Result "1-0"]
[Board "112"]
[TimeControl "180+1"]
[WhiteFideId "601217"]
[BlackFideId "2163144"]
[WhiteElo "2390"]
[BlackElo "2703"]
[WhiteTeam "FRA"]
[BlackTeam "BRA"]
[WhiteClock "0:00:26"]
[BlackClock "0:00:07"]

1. d4 d5 2. c4 dxc4 3. Nf3 Nf6 4. e3 b5 5. a4 b4 6. Bxc4 e6 7. Qe2 Be7 8. O-O O-O 9. Rd1 Bb7 10. Nbd2 Nbd7 11. a5 a6 12. Nb3 c5 13. dxc5 Qc7 14. Bd2 Nxc5 15. Bxb4 Nxb3 16. Bxe7 Qxe7 17. Bxb3 Rfb8 18. Nd4 h5 19. Ra3 Qc5 20. f3 h4 21. Bc2 h3 22. Rc1 Qg5 23. g3 Bd5 24. Bd1 Rb4 25. f4 Qg6 26. Rac3 Qe4 27. Rc8+ Kh7 28. Bc2 Rxc8 29. Bxe4+ Nxe4 30. Rxc8 Nf6 31. Rc2 Ra4 32. Qe1 Bg2 33. Rxg2 hxg2 34. Kxg2 Ra2 35. Qc3 Nd5 36. Qb3 Ra1 37. e4 Nf6 38. Qd3 g6 39. Nf3 Rxa5 40. Ng5+ Kg7 41. Qc3 Rb5 42. Nh7 Kxh7 43. Qxf6 Kg8 44. h4 a5 45. Kh3 a4 46. Kg4 Rb3 47. Qd8+ Kg7 48. Qd4+ f6 49. Qd7+ Kh6 50. Qxe6 Rxb2 51. Qxf6 Rb8 52. Qa1 Ra8 53. Qa3 Kg7 54. Kf3 Kf6 55. g4 Ke6 56. g5 Ra6 57. Kg4 Ra5 58. h5 gxh5+ 59. Kxh5 Kf7 60. Kg4 Kg8 61. e5 Ra8 62. e6 Kg7 63. Qe7+ Kg8 64. Qf7+ Kh8 65. g6 a3 66. Qh7# 1-0

[Event "January 2 Late 2024"]
[Site "https://www.chess.com"]
[Date "2024.01.02"]
[Round "1"]
[White "Cardoso Cardoso, Jose Gabriel"]
[Black "Ozcan, Kaan"]
[Result "1-0"]
[Board "113"]
[TimeControl "180+1"]
[WhiteFideId "4430492"]
[BlackFideId "34566422"]
[WhiteElo "2702"]
[BlackElo "2390"]
[WhiteTeam "COL"]
[BlackTeam "TUR"]
[WhiteClock "0:00:31"]
[BlackClock "0:00:14"]

1. Nf3 Nf6 2. c4 c5 3. e3 g6 4. d4 cxd4 5. exd4 d5 6. Nc3 Bg7 7. cxd5 Nxd5 8. Bc4 Nxc3 9. bxc3 O-O 10. Bb3 Nc6 11. O-O b6 12. Re1 Bb7 13. Bg5 h6 14. Bh4 g5 15. Bxg5 hxg5 16. Nxg5 Qd6 17. Ne6 Bc8 18. Nxf8 Kxf8 19. Qf3 e6 20. d5 Ne5 21. Rxe5 Bxe5 22. dxe6 Qc7 23. Qxa8 Kg7 24. exf7 1-0

[Event "January 2 Late 2024"]
[Site "https://www.chess.com"]
[Date "2024.01.02"]
[Round "1"]
[White "Akhayan"]
[Black "Martinez Ramirez, Lennis"]
[Result "0-1"]
[Board "114"]
[TimeControl "180+1"]
[BlackFideId "3509079"]
[WhiteElo "2386"]
[BlackElo "2700"]
[BlackTeam "CUB"]
[WhiteClock "0:00:18"]
[BlackClock "0:00:19"]

1. e4 g6 2. d4 Bg7 3. Nc3 a6 4. Be3 b5 5. Qd2 Bb7 6. Bd3 d6 7. O-O-O Nd7 8. Kb1 c5 9. dxc5 Nxc5 10. Nf3 Nf6 11. Bxc5 dxc5 12. e5 Nd5 13. Nxd5 Bxd5 14. Bxb5+ axb5 15. Qxd5 Qa5 16. Qd7+ Kf8 17. a3 b4 18. a4 c4 19. Rd5 Qb6 20. Rhd1 Bh6 21. Rb5 Qxf2 22. Rb7 Kg7 23. Qxe7 Rhf8 24. Qf6+ Kg8 25. e6 Bg7 26. exf7+ Kh8 27. Qh4 Qxg2 28. Qg3 Qxg3 29. hxg3 Rxa4 30. Nd4 Rfa8 31. c3 b3 32. Kc1 Bh6+ 33. Rd2 Ra1# 0-1

[Event "January 2 Late 2024"]
[Site "https://www.chess.com"]
[Date "2024.01.02"]
[Round "1"]
[White "Onyshchuk, Volodymyr"]
[Black "Kanter, Eduard"]
[Result "1-0"]
[Board "115"]
[TimeControl "180+1"]
[WhiteFideId "14114038"]
[BlackFideId "4103963"]
[WhiteElo "2700"]
[BlackElo "2385"]
[WhiteTeam "UKR"]
[BlackTeam "RUS"]
[WhiteClock "0:00:45"]
[BlackClock "0:00:15"]

1. e4 c5 2. Nf3 a6 3. b3 e6 4. Bb2 d5 5. exd5 exd5 6. d4 Nf6 7. Bd3 Nc6 8. O-O Bg4 9. dxc5 Bxc5 10. Re1+ Be7 11. Bxf6 gxf6 12. Nbd2 Qd6 13. Nf1 Ne5 14. Be2 Be6 15. Ne3 O-O-O 16. Nd4 Qd7 17. f4 Nc6 18. f5 Nxd4 19. Qxd4 Qc6 20. fxe6 Bc5 21. Qd3 Qxe6 22. Bf3 Rhe8 23. Kf2 f5 24. b4 Bb6 25. g3 f4 26. gxf4 Qh3 27. Bg2 Rxe3 28. Rxe3 Bxe3+ 29. Qxe3 1-0

[Event "January 2 Late 2024"]
[Site "https://www.chess.com"]
[Date "2024.01.02"]
[Round "1"]
[White "Gallegos Diaz, Carlos Alberto"]
[Black "Zhu, Jiner"]
[Result "1-0"]
[Board "116"]
[TimeControl "180+1"]
[WhiteFideId "3900886"]
[BlackFideId "8608059"]
[WhiteElo "2385"]
[BlackElo "2700"]
[WhiteTeam "VEN"]
[BlackTeam "CHN"]
[WhiteClock "0:00:22"]
[BlackClock "0:01:23"]

1. e4 c5 2. Nc3 d6 3. g3 Nc6 4. Bg2 g6 5. Nge2 Bg7 6. O-O e6 7. d3 Nge7 8. Be3 Rb8 9. d4 cxd4 10. Nxd4 O-O 11. Qd2 a6 12. Rad1 Ne5 13. b3 d5 14. exd5 exd5 15. h3 Bd7 16. f4 N5c6 17. Rfe1 Re8 18. Bf2 h5 19. Kh2 Rc8 20. Nxc6 bxc6 21. Na4 h4 22. g4 Qc7 23. Nc5 g5 24. Kh1 Ng6 25. Nxd7 Qxd7 26. fxg5 Be5 27. c4 Bf4 28. Qd4 Bxg5 29. cxd5 c5 30. Qd3 Qd6 31. Rxe8+ Rxe8 32. Re1 Rd8 33. Qf5 Be7 34. g5 a5 35. a4 Bf8 36. Bf3 Bg7 37. Kg1 Qb6 38. Bh5 Kh7 39. Qxf7 Nh8 40. g6+ Kh6 41. Be3+ Kxh5 42. Qf5# 1-0

[Event "January 2 Late 2024"]
[Site "https://www.chess.com"]
[Date "2024.01.02"]
[Round "1"]
[White "Nazari, Arad"]
[Black "Bristy Mukherjee"]
[Result "1-0"]
[Board "117"]
[TimeControl "180+1"]
[WhiteFideId "12577324"]
[BlackFideId "25077325"]
[WhiteElo "2698"]
[BlackElo "2383"]
[WhiteTeam "IRI"]
[BlackTeam "IND"]
[WhiteClock "0:02:04"]
[BlackClock "0:00:06"]

1. e4 g6 2. d4 Bg7 3. Nc3 c5 4. dxc5 Bxc3+ 5. bxc3 Qa5 6. Qd4 Nf6 7. Qb4 Nc6 8. Qxa5 Nxa5 9. f3 O-O 10. Be3 b6 11. cxb6 axb6 12. Bxb6 Ba6 13. Bd3 Bxd3 14. cxd3 Rfb8 15. Bxa5 Rxa5 16. a4 Rb3 17. Ne2 d5 18. Kd2 Rb2+ 19. Ke3 dxe4 20. dxe4 Nd7 21. Rhd1 Nb6 22. Rdb1 Rxb1 23. Rxb1 Nxa4 24. Ra1 e5 25. c4 Ra6 26. Nc1 Kf8 27. Nd3 f6 28. Nb4 Ra5 29. c5 Nb2 30. Rxa5 Nc4+ 31. Kd3 Nxa5 32. Kc3 Ke7 33. Nd5+ Ke6 34. Kb4 Nc6+ 35. Kb5 Nd4+ 36. Kb6 f5 37. c6 Nb3 38. c7 Kd7 39. Ne7 Kxe7 40. c8=Q fxe4 41. fxe4 Nd2 42. Qc7+ Ke6 43. Qc8+ Ke7 44. Qb7+ Ke6 45. Qd5+ Ke7 46. Qxd2 1-0

[Event "January 2 Late 2024"]
[Site "https://www.chess.com"]
[Date "2024.01.02"]
[Round "1"]
[White "Kubatko, Ivan"]
[Black "Gritsenko, Nikolai"]
[Result "0-1"]
[Board "118"]
[TimeControl "180+1"]
[WhiteFideId "24111473"]
[BlackFideId "14112493"]
[WhiteElo "2383"]
[BlackElo "2698"]
[WhiteTeam "RUS"]
[BlackTeam "UKR"]
[WhiteClock "0:00:02"]
[BlackClock "0:00:35"]

1. e4 d5 2. exd5 Nf6 3. c4 c6 4. d4 cxd5 5. Nc3 e6 6. Nf3 Bb4 7. cxd5 Nxd5 8. Bd2 Nc6 9. Bd3 O-O 10. O-O Nf6 11. Bg5 Be7 12. a3 h6 13. Bh4 Nh5 14. Bxe7 Nxe7 15. Ne5 Nf6 16. Bc2 b6 17. Qd3 Bb7 18. Rad1 Rc8 19. Rfe1 g6 20. Qh3 Kg7 21. Bb1 Ned5 22. Ne2 Qe7 23. Qd3 Rg8 24. g3 Kh7 25. f4 Ba8 26. Kf1 Qb7 27. Qf3 Ne3+ 28. Kf2 Nxd1+ 29. Rxd1 Qxf3+ 30. Nxf3 Ng4+ 31. Kg2 Ne3+ 0-1

[Event "January 2 Late 2024"]
[Site "https://www.chess.com"]
[Date "2024.01.02"]
[Round "1"]
[White "Aarav Dengla"]
[Black "Sala, Giulia"]
[Result "1-0"]
[Board "119"]
[TimeControl "180+1"]
[WhiteFideId "45059756"]
[BlackFideId "2840451"]
[WhiteElo "2687"]
[BlackElo "2381"]
[WhiteTeam "IND"]
[BlackTeam "ITA"]
[WhiteClock "0:02:23"]
[BlackClock "0:02:16"]

1. b3 d5 2. Bb2 c5 3. d3 Nc6 4. Nd2 e5 5. e3 Nf6 6. Be2 Bd6 7. g4 h6 8. h4 Qe7 9. c4 d4 10. e4 Nb4 11. a3 Nc6 12. Nh3 Be6 13. g5 hxg5 14. Nxg5 O-O-O 15. Qc2 Bg4 16. Qd1 Bxe2 17. Qxe2 Nh5 1-0

[Event "January 2 Late 2024"]
[Site "https://www.chess.com"]
[Date "2024.01.02"]
[Round "1"]
[White "Novak, Ratko"]
[Black "Tanriverdi, Enes"]
[Result "0-1"]
[Board "120"]
[TimeControl "180+1"]
[WhiteFideId "14511827"]
[BlackFideId "34543279"]
[WhiteElo "2380"]
[BlackElo "2682"]
[WhiteTeam "CRO"]
[BlackTeam "TUR"]
[WhiteClock "0:00:51"]
[BlackClock "0:00:49"]

1. d4 Nf6 2. c4 e6 3. a3 c5 4. d5 b5 5. dxe6 fxe6 6. cxb5 d5 7. Nc3 Bd6 8. e4 Bb7 9. exd5 exd5 10. Qe2+ Be7 11. Bg5 O-O 12. O-O-O d4 13. Nf3 Kh8 14. Qc4 Nbd7 15. Na4 Bd5 16. Qc2 Qa5 17. Bd2 Qc7 18. Bc4 Be4 19. Qb3 Nb6 20. Nxb6 axb6 21. Ng5 Bf5 22. Nf7+ Rxf7 23. Bxf7 c4 24. Qf3 Be4 25. Qd3 cxd3+ 0-1

[Event "January 2 Late 2024"]
[Site "https://www.chess.com"]
[Date "2024.01.02"]
[Round "1"]
[White "Rosen, Eric"]
[Black "ArchibaldCerveza29"]
[Result "1-0"]
[Board "121"]
[TimeControl "180+1"]
[WhiteFideId "2032562"]
[WhiteElo "2679"]
[BlackElo "2379"]
[WhiteTeam "USA"]
[WhiteClock "0:01:29"]
[BlackClock "0:00:41"]

1. e4 e5 2. Nf3 Nc6 3. Nc3 Nf6 4. d4 exd4 5. Nxd4 Bb4 6. Nxc6 bxc6 7. Bd3 O-O 8. O-O d5 9. Bd2 Rb8 10. Re1 Re8 11. h3 Bxc3 12. Bxc3 d4 13. Bd2 Rxb2 14. e5 Nd5 15. Qh5 g6 16. Qf3 c5 17. Bh6 Bb7 18. Rab1 Rxb1 19. Rxb1 Ba8 20. Be4 Rxe5 21. Bxd5 Bxd5 22. Qf6 Qxf6 23. Rb8+ Qd8 24. Rxd8+ Re8 25. Rxe8# 1-0

[Event "January 2 Late 2024"]
[Site "https://www.chess.com"]
[Date "2024.01.02"]
[Round "1"]
[White "Paragua, Megan Althea"]
[Black "Adewumi, Tanitoluwa"]
[Result "0-1"]
[Board "122"]
[TimeControl "180+1"]
[WhiteFideId "30973007"]
[BlackFideId "30966396"]
[WhiteElo "2378"]
[BlackElo "2678"]
[WhiteTeam "USA"]
[BlackTeam "USA"]
[WhiteClock "0:00:08"]
[BlackClock "0:00:06"]

1. e4 c5 2. Nf3 Nc6 3. Bb5 g6 4. O-O Bg7 5. c3 Nf6 6. Re1 O-O 7. d4 cxd4 8. cxd4 d5 9. e5 Ne4 10. Nc3 Bf5 11. Bf4 Rc8 12. Rc1 Qb6 13. Qa4 a6 14. Bxc6 bxc6 15. b3 Rfd8 16. Qa3 c5 17. Na4 Qb4 18. Qxb4 cxb4 19. Nc5 Nxc5 20. dxc5 d4 21. Rc4 d3 22. Rd1 a5 23. Nd4 Bd7 24. c6 Bg4 25. f3 f6 26. e6 g5 27. c7 Re8 28. Be3 Bh5 29. Nb5 f5 30. Na7 f4 31. Bf2 Be5 32. Nxc8 Rxc8 33. Rxd3 Rxc7 34. Rxc7 Bxc7 35. Rd7 Bd6 36. Ra7 Bg6 37. Rxa5 Bd3 38. Rxg5+ Kf8 39. Rb5 Bxb5 40. Bd4 Bd3 0-1

[Event "January 2 Late 2024"]
[Site "https://www.chess.com"]
[Date "2024.01.02"]
[Round "1"]
[White "Khatoev, Eduard"]
[Black "RemcoSpr"]
[Result "1-0"]
[Board "123"]
[TimeControl "180+1"]
[WhiteFideId "24145076"]
[WhiteElo "2678"]
[BlackElo "2377"]
[WhiteTeam "RUS"]
[WhiteClock "0:01:02"]
[BlackClock "0:00:00"]

1. Nf3 d5 2. e3 g6 3. b3 Bg7 4. d4 c5 5. Bb2 Nc6 6. Be2 Nf6 7. dxc5 Qa5+ 8. Qd2 Qxc5 9. Nc3 O-O 10. O-O Rd8 11. Qc1 e5 12. h3 a6 13. Na4 Qe7 14. Ba3 Qe8 15. Nb6 Rb8 16. Nxc8 Rbxc8 17. Qb2 b5 18. c3 d4 19. exd4 exd4 20. Rae1 dxc3 21. Qc2 Qd7 22. Bc5 Nd5 23. a3 Nf4 24. Be3 Nxe2+ 25. Rxe2 Qd3 26. Rfe1 Qxc2 27. Rxc2 a5 28. Bb6 Rd5 29. g4 b4 30. a4 Nd4 31. Bxd4 Bxd4 32. g5 Bb6 33. Kg2 Rcd8 34. Ree2 Kg7 35. Ne5 Re8 36. f4 Bd4 37. Nc4 Rxe2+ 38. Rxe2 Ba7 39. Kf3 Bb8 40. Ne3 Rd4 41. Ng2 Rd3+ 42. Ke4 Rxh3 43. Ne3 Rh4 44. Ng2 Rh3 45. Ne3 Ba7 46. Nc4 Rh4 47. Nxa5 Bb8 48. Nc6 Rxf4+ 49. Kd3 Bd6 50. a5 Rf5 51. a6 Rd5+ 52. Kc2 Bc5 53. a7 1-0

[Event "January 2 Late 2024"]
[Site "https://www.chess.com"]
[Date "2024.01.02"]
[Round "1"]
[White "Gao, Raymond"]
[Black "Riff, Vincent"]
[Result "0-1"]
[Board "124"]
[TimeControl "180+1"]
[WhiteFideId "2629429"]
[BlackFideId "617776"]
[WhiteElo "2375"]
[BlackElo "2677"]
[WhiteTeam "CAN"]
[BlackTeam "FRA"]
[WhiteClock "0:01:32"]
[BlackClock "0:01:32"]

1. e4 c5 2. Nf3 Nc6 3. Bb5 d6 4. d4 cxd4 5. Nxd4 Bd7 6. Nc3 Nf6 7. Be3 g6 8. f3 Bg7 9. Qd2 O-O 10. O-O Rc8 11. Be2 Ne5 12. Bg5 Nc4 13. Bxc4 Rxc4 14. Nb3 b5 15. Rfe1 b4 16. Nd5 Nxd5 17. exd5 Re8 18. Rab1 a5 19. Re4 Qc7 20. Rxc4 Qxc4 21. Qd3 Qxd3 22. cxd3 a4 23. Nd2 Bd4+ 24. Kf1 f6 25. Bh4 Rc8 26. Nc4 Bf5 27. Ke2 Rxc4 28. g4 Rc2+ 29. Ke1 Bxd3 30. Rd1 Re2+ 31. Kf1 Rd2+ 0-1

[Event "January 2 Late 2024"]
[Site "https://www.chess.com"]
[Date "2024.01.02"]
[Round "1"]
[White "Hamitevici, Vladimir"]
[Black "Petr, Jan"]
[Result "1/2-1/2"]
[Board "125"]
[TimeControl "180+1"]
[WhiteFideId "13902393"]
[BlackFideId "345784"]
[WhiteElo "2677"]
[BlackElo "2375"]
[WhiteTeam "MDA"]
[BlackTeam "CZE"]
[WhiteClock "0:00:12"]
[BlackClock "0:00:15"]

1. d4 Nf6 2. Nf3 g6 3. Nbd2 d5 4. b4 Bg7 5. e3 O-O 6. Bb2 Bf5 7. c4 c6 8. a4 Ne4 9. Nxe4 Bxe4 10. Bd3 Bxd3 11. Qxd3 Nd7 12. O-O dxc4 13. Qxc4 Nb6 14. Qc2 Qd5 15. Rfc1 a6 16. Qc5 Nc8 17. Qxd5 cxd5 18. Rc7 Rb8 19. Ne5 Bxe5 20. dxe5 e6 21. Bd4 Re8 22. g3 Ne7 23. Ba7 Rbc8 24. Rxb7 Nc6 25. Bd4 Rb8 26. Rxb8 Rxb8 27. b5 axb5 28. a5 Nxd4 29. exd4 b4 30. a6 b3 31. Rb1 Ra8 32. Rxb3 Rxa6 33. Rb4 g5 34. g4 Kg7 35. Kg2 Ra3 36. Rb1 Rd3 37. Rb4 Kg6 38. Ra4 h5 39. h3 h4 40. Rb4 Kg7 41. Ra4 Kf8 42. Ra8+ Ke7 43. Ra7+ Ke8 44. Ra8+ Ke7 45. Ra7+ Kf8 46. Ra8+ Kg7 47. Ra4 Kg6 48. Rb4 Kg7 49. Ra4 1/2-1/2

[Event "January 2 Late 2024"]
[Site "https://www.chess.com"]
[Date "2024.01.02"]
[Round "1"]
[White "Zakarian, David"]
[Black "Perske, Thore"]
[Result "1-0"]
[Board "126"]
[TimeControl "180+1"]
[WhiteFideId "13301276"]
[BlackFideId "12902195"]
[WhiteElo "2372"]
[BlackElo "2676"]
[WhiteTeam "ARM"]
[BlackTeam "GER"]
[WhiteClock "0:00:33"]
[BlackClock "0:00:09"]

1. d4 d5 2. c4 c6 3. Qc2 Nf6 4. Nf3 dxc4 5. Qxc4 Bg4 6. Ne5 Be6 7. Qd3 Nbd7 8. Nxd7 Qxd7 9. Nc3 Rd8 10. e3 g6 11. Be2 Bg7 12. O-O O-O 13. Rd1 Nd5 14. Ne4 Bf5 15. Bf3 Nf6 16. Nxf6+ Bxf6 17. Qb3 Bg4 18. Bxg4 Qxg4 19. h3 Qe2 20. Bd2 e5 21. Bc3 exd4 22. Bxd4 Bxd4 23. Rxd4 Rxd4 24. exd4 Rd8 25. Qxb7 Rxd4 26. Qxc6 Rd2 27. Qc8+ Kg7 28. Qc3+ Kg8 29. Qc8+ Kg7 30. Qc3+ Kh6 31. Qe3+ Qxe3 32. fxe3 Rxb2 33. a4 Kg5 34. Rf1 f5 35. Rd1 Ra2 36. Rd4 h5 37. h4+ Kf6 38. Kh2 Re2 39. Rd7 Rxe3 40. Rxa7 Re2 41. a5 f4 42. Ra8 Kf5 43. a6 Kg4 44. Rg8 Kxh4 45. Rxg6 Ra2 46. Kg1 Ra1+ 47. Kf2 Ra3 48. Ke2 Ra2+ 49. Kd3 Ra3+ 50. Kc4 Ra1 51. Kb5 Rb1+ 52. Kc6 Rc1+ 53. Kb7 Rb1+ 54. Ka8 Ra1 55. Kb7 Rb1+ 56. Rb6 Re1 57. a7 Re7+ 58. Ka6 Rxa7+ 59. Kxa7 Kg3 60. Rg6+ Kf2 61. Kb6 h4 62. Kc5 f3 63. gxf3 Kxf3 64. Rh6 Kg4 65. Kd4 h3 66. Ke3 Kg3 67. Rg6+ Kh2 68. Kf2 Kh1 69. Kg3 h2 70. Ra6 Kg1 71. Ra1# 1-0

[Event "January 2 Late 2024"]
[Site "https://www.chess.com"]
[Date "2024.01.02"]
[Round "1"]
[White "Popilski, Gil"]
[Black "Marcziter, Dmitrii"]
[Result "1-0"]
[Board "127"]
[TimeControl "180+1"]
[WhiteFideId "2809060"]
[BlackFideId "13900765"]
[WhiteElo "2675"]
[BlackElo "2371"]
[WhiteTeam "ISR"]
[BlackTeam "GER"]
[WhiteClock "0:00:04"]
[BlackClock "0:00:00"]

1. Nf3 Nf6 2. c4 g6 3. Nc3 Bg7 4. e4 d6 5. d4 O-O 6. Be2 Na6 7. Be3 c5 8. d5 e6 9. O-O Re8 10. Nd2 Nc7 11. a4 a6 12. a5 Rb8 13. Bf4 exd5 14. exd5 b5 15. axb6 Rxb6 16. Ra2 Rb4 17. Bd3 Bg4 18. f3 Bc8 19. Nde4 Nxe4 20. Nxe4 Be5 21. Bxe5 Rxe5 22. f4 Re8 23. Re1 f5 24. Ng5 h6 25. Nf3 Qf6 26. Rxe8+ Nxe8 27. Qe2 Ng7 28. h3 g5 29. Qd2 g4 30. Ne1 Qd4+ 31. Qf2 Qf6 32. Kh2 Nh5 33. Qe3 Kf7 34. b3 g3+ 35. Kg1 Rxb3 36. Nf3 Qc3 37. Re2 Nf6 38. Nh4 Qd4 39. Qxd4 cxd4 40. Rd2 Ne4 41. Rd1 Nf2 42. Rb1 Rxd3 43. Kf1 Bd7 44. Ke2 Re3+ 45. Kd2 Ne4+ 46. Kc2 1-0

[Event "January 2 Late 2024"]
[Site "https://www.chess.com"]
[Date "2024.01.02"]
[Round "1"]
[White "Sokolov, Andrei"]
[Black "Hua, Lefong"]
[Result "0-1"]
[Board "128"]
[TimeControl "180+1"]
[WhiteFideId "11600306"]
[BlackFideId "2602253"]
[WhiteElo "2371"]
[BlackElo "2674"]
[WhiteTeam "LAT"]
[BlackTeam "CAN"]
[WhiteClock "0:00:07"]
[BlackClock "0:01:22"]

1. d4 Nf6 2. c4 c5 3. d5 e6 4. Nc3 exd5 5. cxd5 d6 6. e4 g6 7. Bb5+ Bd7 8. a4 Bg7 9. f4 O-O 10. Nf3 Bg4 11. O-O a6 12. Be2 Bxf3 13. Bxf3 Ne8 14. a5 Nd7 15. Kh1 Rb8 16. Re1 Nc7 17. Qc2 b5 18. axb6 Rxb6 19. Be2 Nb5 20. Nxb5 axb5 21. Bd2 Re8 22. Bc3 Bxc3 23. bxc3 c4 24. Bf3 Qf6 25. g3 Nc5 26. Ra7 Nd3 27. Rea1 b4 28. cxb4 Rxb4 29. Ra8 Rxa8 30. Rxa8+ Kg7 31. Ra2 Qd4 32. Kg2 Ne1+ 0-1

[Event "January 2 Late 2024"]
[Site "https://www.chess.com"]
[Date "2024.01.02"]
[Round "1"]
[White "Schmakel, Sam"]
[Black "Pullela, Sricharan"]
[Result "1-0"]
[Board "129"]
[TimeControl "180+1"]
[WhiteFideId "2039311"]
[BlackFideId "30951089"]
[WhiteElo "2673"]
[BlackElo "2369"]
[WhiteTeam "USA"]
[BlackTeam "USA"]
[WhiteClock "0:00:21"]
[BlackClock "0:00:11"]

1. e4 c5 2. Nf3 Nc6 3. d4 cxd4 4. Nxd4 Nf6 5. Nc3 e5 6. Ndb5 d6 7. Bg5 a6 8. Na3 b5 9. Bxf6 gxf6 10. Nd5 f5 11. c3 Bg7 12. Nxb5 axb5 13. Bxb5 Bb7 14. exf5 O-O 15. Qg4 Kh8 16. Bd3 e4 17. Bxe4 Ne5 18. Qh5 Bxd5 19. Bxd5 Ra5 20. Be4 d5 21. Bc2 Qf6 22. O-O Nc4 23. b3 Nd2 24. Rfd1 Ne4 25. c4 Nc3 26. Rd3 d4 27. g4 Ne2+ 28. Kf1 Nf4 29. g5 Nxh5 30. gxf6 Bxf6 31. b4 Raa8 32. Bb3 Nf4 33. Rf3 Be5 34. f6 Ra3 35. Re1 Bb8 36. c5 d3 37. Bxf7 h5 38. Bb3 d2 39. Rd1 Rxf6 40. Rxd2 Be5 41. b5 Ra5 42. a4 Ra7 43. b6 Rg7 44. Rd8+ Kh7 45. Bc2+ Kh6 46. Rh8+ Kg5 47. Rg3+ Kh4 48. Rxg7 Nh3 49. Rg2 Bd4 50. b7 Bxf2 51. b8=Q Bg3+ 52. Ke2 Bxb8 53. Rxb8 Nf4+ 54. Kf3 Nxg2+ 55. Kxg2 Rf4 56. Re8 Rg4+ 57. Kf2 Rf4+ 58. Ke3 Rf1 59. Re4+ Kh3 60. c6 Rc1 61. Rc4 h4 62. Bf5+ Kxh2 63. Rxc1 h3 64. c7 Kg3 65. c8=Q h2 66. Qg8+ Kh4 67. Qg4# 1-0

[Event "January 2 Late 2024"]
[Site "https://www.chess.com"]
[Date "2024.01.02"]
[Round "1"]
[White "Todev, Simeon"]
[Black "Fantinel, Thibault"]
[Result "0-1"]
[Board "130"]
[TimeControl "180+1"]
[WhiteFideId "2925133"]
[BlackFideId "663395"]
[WhiteElo "2368"]
[BlackElo "2672"]
[WhiteTeam "BUL"]
[BlackTeam "FRA"]
[WhiteClock "0:00:32"]
[BlackClock "0:02:04"]

1. e4 c5 2. Nf3 e6 3. c3 Nf6 4. e5 Nd5 5. d4 cxd4 6. cxd4 d6 7. exd6 Bxd6 8. Nc3 Nxc3 9. bxc3 Qc7 10. Bd2 b6 11. Bd3 Bb7 12. O-O Nd7 13. h3 O-O 14. Re1 Bf4 15. Rc1 Bxf3 16. Bxf4 Qxf4 17. Qxf3 Qxf3 18. gxf3 Rac8 19. c4 Rfd8 20. Red1 Kf8 21. Kg2 Nf6 22. Bf1 Nh5 23. Rc2 Rc7 24. Rcd2 g5 25. h4 h6 26. hxg5 hxg5 27. Kh3 f5 28. d5 exd5 29. cxd5 Rd6 30. Bb5 Nf4+ 31. Kg3 Rh7 32. Bf1 Rdh6 0-1

[Event "January 2 Late 2024"]
[Site "https://www.chess.com"]
[Date "2024.01.02"]
[Round "1"]
[White "Haydon, David L"]
[Black "Obon Temprano, Sergi"]
[Result "1-0"]
[Board "131"]
[TimeControl "180+1"]
[WhiteFideId "415405"]
[BlackFideId "2226545"]
[WhiteElo "2671"]
[BlackElo "2366"]
[WhiteTeam "ENG"]
[BlackTeam "ESP"]
[WhiteClock "0:00:23"]
[BlackClock "0:00:12"]

1. e4 e6 2. d4 d5 3. Nd2 dxe4 4. Nxe4 Bd7 5. Nf3 Bc6 6. Bd3 Nd7 7. Qe2 Ngf6 8. Bg5 Be7 9. Ng3 Bxf3 10. Qxf3 c6 11. O-O O-O 12. c3 h6 13. Bd2 a5 14. Rae1 Qb6 15. Bc1 Rfd8 16. Re2 Nf8 17. Nf5 Rd7 18. Nxe7+ Rxe7 19. Bxh6 Ne8 20. Bg5 Rd7 21. h4 Nh7 22. Qg3 Nxg5 23. Qxg5 Kf8 24. h5 Rd5 25. Qh4 Nf6 26. h6 Rh5 27. hxg7+ Kxg7 28. Qg3+ Kh8 29. Re5 Rh6 30. Qf4 Kg7 31. Rg5+ Kf8 32. Rg3 Ke7 33. Qxh6 c5 34. dxc5 Qxc5 35. Qg5 Qd6 36. Rf3 e5 37. Re1 1-0